 Dungeon Crawl Stone Soup version 0.31.0-7-gf635a9b802 (webtiles) character file.

Game seed: 9372890381367178293

56 Iich the Vexing (level 3, 0/24 HPs)
             Began as a Demonspawn Enchanter on Jan 23, 2024.
             Succumbed to an adder's poison
             ... on level 1 of the Dungeon.
             The game lasted 00:04:29 (1662 turns).

Iich the Vexing (Demonspawn Enchanter)              Turns: 1662, Time: 00:04:30

Health: 0/24       AC:  4    Str:  8    XL:     3   Next: 69%
Magic:  6/7        EV: 11    Int: 17    God:
Gold:   59         SH:  0    Dex: 13    Spells: 5/7 levels left

rFire   . . .        k - +0 dagger (speed)
rCold   . . .        (no shield)
rNeg    . . .        j - +0 leather armour
rPois   .            (no helmet)
rElec   .            (no cloak)
rCorr   .            (no gloves)
SInv    .            e - +0 pair of boots
Will    .....        (no amulet)
Stlth   ++           (no ring)
HPRegen 0.24/turn    (no ring)
MPRegen 0.10/turn

%: no passive effects
@: brilliant, lethally poisoned (0 -> -1), invisible
A: claws 1
a: no special abilities


You were on level 1 of the Dungeon.
You visited 1 branch of the dungeon, and saw 2 of its levels.

You collected 59 gold pieces.

Inventory:

Hand Weapons
 a - a +1 dagger
 k - a +0 dagger of speed (weapon)
Armour
 b - a +0 robe
 e - a +0 pair of boots (worn)
 j - a +0 leather armour (worn)
Scrolls
 d - a scroll of immolation {unknown}
 f - a scroll of fear {unknown}
 i - a scroll of enchant armour
 l - a scroll of blinking {unknown}
Potions
 c - a potion of invisibility


   Skills:
 + Level 2.0 Short Blades
 - Level 1.7 Dodging
 - Level 2.6 Stealth
 + Level 2.7 Spellcasting
 + Level 3.6 Hexes


You had 5 spell levels left.
You knew the following spells:

 Your Spells              Type           Power      Damage    Failure   Level
a - Ensorcelled Hibernat  Hex/Ice        24%        N/A       19%         2

Your spell library contained the following spells:

 Spells                   Type           Power      Damage    Failure   Level
 Confusing Touch          Hex            22%        N/A       19%         3
 Tukima's Dance           Hex            22%        N/A       19%         3
 Magic Dart               Conj           12%        1d3       26%         1
 Blink                    Tloc           6%         N/A       36%         2
 Call Imp                 Summ           6%         N/A       36%         2
 Dazzling Flash           Conj/Hex       24%        N/A       36%         3


Dungeon Overview and Level Annotations

Branches:
Dungeon (2/15)

Altars:


Innate Abilities, Weirdness & Mutations

You have sharp fingernails.


Message History

The hobgoblin hits you but does no damage.
You barely miss the adder.
The adder is moderately wounded.
The hobgoblin barely misses you. The hobgoblin closely misses you.
The adder bites you.
* * * LOW HITPOINT WARNING * * *
You are poisoned.
The adder poisons you!
Unknown command.
You take 1 damage, and have 8/24 hp.
You catch the helpless adder completely off-guard!
You puncture the adder!
You kill the adder!
You feel sick.
Your Short Blades skill increases to level 2!
Unknown command.
You take 1 damage, and have 7/24 hp.
You hit the hobgoblin but do no damage.
The hobgoblin is severely wounded.
You feel sick. The hobgoblin barely misses you. x2
You take 1 damage, and have 6/24 hp.
You hit the hobgoblin.
You kill the hobgoblin!
You barely miss the goblin.
You feel sick. The hobgoblin hits you.
* * * LOW HITPOINT WARNING * * *
You take 5 damage, and have 2/24 hp. !!!!--MASSIVE DAMAGE--!!!!
You hit the goblin but do no damage. The goblin barely misses you.
The hobgoblin barely misses you.
Unknown command.
It was a potion of brilliance.
You feel clever all of a sudden.
* * * LOW HITPOINT WARNING * * *
You feel sick. The goblin hits you but does no damage.
The hobgoblin barely misses you.
You take 1 damage, and have 1/24 hp.
Okay, then.
As you read the scroll labelled EDAMOE RI RAORI, it crumbles to dust.
It is a scroll of identify.
i - a scroll of enchant armour You die...

#......##.#....###########
#......##.##...# #....#
#.##........#+## #.##.#
#.........#.#.# #.##.#
####.######.#.# #.##.#
#.#### #.#.## #.....
#....# #....## ####.#
#.##.###.....# #.#
#.....@g....## ######.#
###..g####.## #......#
##.###########.######
#.............#
###############


You could see a hobgoblin (unable to see you) and a goblin (unable to see you).

Vanquished Creatures
  An adder (D:1)
  2 dart slugs
  7 ball pythons
  An endoplasm (D:1)
  2 giant cockroaches (D:1)
  5 goblins
  4 hobgoblins
  4 jackals
  3 quokkas (D:1)
  2 bats
  3 frilled lizards
  9 rats
43 creatures vanquished.

Notes
Turn   | Place    | Note
-------+----------+-------------------------------------------
     0 | D:1      | Iich the Demonspawn Enchanter began the quest for the Orb.
     0 | D:1      | Reached XP level 1. HP: 13/13 MP: 3/3
    68 | D:1      | Reached skill level 1 in Short Blades
   269 | D:1      | Gained mutation: You have sharp fingernails. [demonic
                  | ancestry]
   269 | D:1      | Reached XP level 2. HP: 2/19 MP: 5/5
   364 | D:1      | Learned a level 2 spell: Ensorcelled Hibernation
  1191 | D:1      | Reached XP level 3. HP: 24/24 MP: 3/6
  1661 | D:1      | HP: 1/24 [poisoned by an adder]
  1662 | D:1      | Succumbed to an adder's poison

Illustrated notes

Levels and vault maps discovered:
D:1:      dpeg_arrival_ratfight, layout_loops_corners
D:2:      layout_rooms, basic_altar, uniq_robin, uniq_sigmund

Skill      XL: |  1  2  3 |
---------------+----------+-----
Short Blades   | 1 2 |  2.0
Dodging        | |  1.7
Stealth        | |  2.6
Spellcasting   | |  2.7
Hexes          | |  3.6

Action                     || total
---------------------------++-------
  Melee: Dagger            ||   126
         Punch             ||     2
   Cast: Ensorcelled Hiber ||    20
    Use: Potion            ||     2
         Scroll            ||     1
   Stab: Sleeping          ||    19
         Invisible         ||     1
 Armour: Robe              ||    32
         Leather armour    ||    64
  Dodge: Dodged            ||    90
